AoeStats
← RCL Belier

Arena

507791393Analyzed
1v1 RM · 12d ago on Sep 19, 2026· 40m 44s· 2 players
Game mode
Random Map
Map size
Tiny (2 player)
Population
200
Speed
Normal
Resources
Standard
Victory
Conquest
Starting age
Dark Age
Ending age
Imperial Age
RankedLock teamsTeams togetherTeam positionsShared explorationLock speedFull tech treeHidden civsTurbo modeCheats
Victory
Defeat
🇫🇷 Malians · France
1019
+15
🇧🇷 Portuguese · Brazil
1008
-15
[LQE]Sun Tzu
0:31 Loom
10:52 Feudal Age
17:21 Castle Age
16:03 Double-Bit Axe
17:08 Horse Collar
21:53 Gold Mining
27:47 Wheelbarrow
33:18 Imperial Age
30:16 Man-at-Arms
31:12 Gambesons
32:13 Long Swordsman
33:21 Two-Handed Swordsman
34:26 Forging
34:16 Scale Mail Armor
34:45 Conscription
34:09 Champion
36:43 Iron Casting
36:23 Chain Mail Armor
RCL Belier
10:14 Feudal Age
15:04 Castle Age
15:00 Double-Bit Axe
16:28 Horse Collar
16:40 Loom
18:25 Stone Mining
21:10 Wheelbarrow
22:35 Town Watch
23:09 Bow Saw
23:57 Heavy Plow
24:18 Gold Mining
25:27 Hand Cart
28:44 Imperial Age
26:44 Forging
26:40 Scale Barding Armor
27:21 Bloodlines
27:12 Husbandry
27:13 Fletching
27:29 Scale Barding Armor
28:13 Husbandry
27:36 Light Cavalry
29:32 Iron Casting
29:18 Chain Barding Armor
29:54 Conscription
30:08 Conscription
32:55 Crop Rotation
33:05 Farimba
35:52 Scale Mail Armor
36:28 Plate Barding Armor
37:03 Chain Mail Armor
39:17 Gold Shaft Mining
39:57 Plate Mail Armor
38:50 Elite Gbeto
Connection lost

Rejoining the realm…

Still unreachable

The connection could not be restored.

Session expired

The server has moved on; the page needs a fresh start.